[Event "Late-Titled-Tuesday-Blitz-May-07-2024"]
[Site "Chess.com"]
[Date "2024.05.07"]
[Round "7"]
[White "Matalon"]
[Black "Seppppppy"]
[Result "0-1"]
[WhiteElo "2365"]
[BlackElo "2188"]
[TimeControl "180+1"]
[EndTime "15:15:03 PDT"]
[Termination "Seppppppy won by resignation"]

1. e4 e5 2. Nf3 Nc6 3. Bb5 a6 4. Ba4 Bc5 5. O-O Nge7 6. Nxe5 Nxe5 7. d4 b5 8. Bb3 Bxd4 9. Qxd4 d6 10. f4 c5 11. Qd1 c4 12. fxe5 Qb6+ 13. Kh1 dxe5 14. Qh5 Qe6 15. a4 cxb3 16. axb5 bxc2 17. Nc3 Bb7 18. Qe2 O-O 19. Bg5 f6 20. Be3 axb5 21. Qxb5 Ba6 22. Rxa6 Qxa6 23. Rc1 Qxb5 24. Nxb5 Rab8 25.
Nd6 Rxb2 0-1

[Event "Late-Titled-Tuesday-Blitz-May-07-2024"]
[Site "Chess.com"]
[Date "2024.05.07"]
[Round "7"]
[White "brouetoscope"]
[Black "giomar27"]
[Result "0-1"]
[WhiteElo "2327"]
[BlackElo "2474"]
[TimeControl "180+1"]
[EndTime "15:15:06 PDT"]
[Termination "giomar27 won by resignation"]

1. e4 a6 2. d4 b5 3. Bd3 Bb7 4. Nf3 e6 5. Qe2 Nf6 6. O-O c5 7. c3 Be7 8. a4 c4 9. Bc2 d5 10. Nbd2 Nbd7 11. Re1 dxe4 12. Nxe4 O-O 13. Ng3 Qc7 14. h4 Rfe8 15. h5 h6 16. Kh2 Nxh5 17.
Ne5 Nxg3 18. fxg3 Nxe5 19. dxe5 Qc6 20. Bf4 Rad8 21. axb5 axb5 22. Rg1 Bc5 23. Rgf1 Re7 24. Rae1 Red7 25. g4 Be7 26. Rf3 Bg5 27. Qf2 Bxf4+ 28. Rxf4 Rd2 29. Re2 Rxe2 30. Qxe2 Qc5 31. Rf1 Rd5 32. Re1 Qc6 33. Be4 Qc7 34. Bxd5 Bxd5 35. Qf2 Qe7 36. Qf4 Qh4+ 0-1

[Event "Late-Titled-Tuesday-Blitz-May-07-2024"]
[Site "Chess.com"]
[Date "2024.05.07"]
[Round "7"]
[White "Cipy77"]
[Black "K_A_S_T_O_R"]
[Result "0-1"]
[WhiteElo "2640"]
[BlackElo "2833"]
[TimeControl "180+1"]
[EndTime "15:15:07 PDT"]
[Termination "K_A_S_T_O_R won by resignation"]

1. Nf3 c5 2. g3 b6 3. Bg2 Bb7 4. O-O Nf6 5. d3 e6 6. e4 d6 7.
Re1 Be7 8. Nc3 O-O 9. a4 Nc6 10. Nd2 a6 11. f4 d5 12. e5 Nd7 13. Nf3 Qc7 14. Bd2 Rad8 15. h4 Rfe8 16. h5 f6 17. h6 g6 18. exf6 Bxf6 19. Qe2 Nd4 20. Qd1 Nf5 21. g4 Nxh6 22. g5 Bxc3 23. Bxc3 Nf5 24.
Be5 Qc8 25. Kf2 d4 26. Rh1 Ne3 27. Qg1 Bxf3 28. Bxf3 Nxe5 29. fxe5 Rf8 30. Ke2 Qc7 31. Qh2 Rf7 32. Be4 Rdf8 33. Rag1 Rf2+ 34. Qxf2 Rxf2+ 35. Kxf2 Qxe5 36. Ke2 Nf5 37. Rh3 Qf4 38. Rf3 Qh2+ 0-1

[Event "Late-Titled-Tuesday-Blitz-May-07-2024"]
[Site "Chess.com"]
[Date "2024.05.07"]
[Round "7"]
[White "koziororo"]
[Black "Pachonpower"]
[Result "1-0"]
[WhiteElo "2589"]
[BlackElo "2384"]
[TimeControl "180+1"]
[EndTime "15:15:10 PDT"]
[Termination "koziororo won by checkmate"]

1. e4 e6 2. f4 d5 3. e5 c5 4. Nf3 Nc6 5. d4 Qb6 6. c3 Nh6 7. Bd3 Bd7 8. dxc5 Bxc5 9. Qe2 a5 10. a4 O-O 11. Na3 f6 12. Nb5 fxe5 13. fxe5 Nf5 14. g4 Nh4 15. Nxh4 Bf2+ 16. Kd1 Bxh4 17.
Be3 Qd8 18. g5 Bxg5 19. Qh5 h6 20. Qg6 Nxe5 21. Qh7+ Kf7 22. Rf1+ Bf6 23. Nd6+ Ke7 24. Bc5 Nxd3 25. Nf5+ Ke8 26. Qg6+ Rf7 27. Nd6+ Ke7 28. Qxf7# 1-0

[Event "Late-Titled-Tuesday-Blitz-May-07-2024"]
[Site "Chess.com"]
[Date "2024.05.07"]
[Round "7"]
[White "cthulhuuu"]
[Black "kingofthenil"]
[Result "1-0"]
[WhiteElo "2546"]
[BlackElo "2826"]
[TimeControl "180+1"]
[EndTime "15:15:11 PDT"]
[Termination "cthulhuuu won by checkmate"]

1. e4 g6 2. d4 Bg7 3. Nc3 d6 4. f4 Nf6 5. Nf3 c6 6. e5 dxe5 7. dxe5 Qxd1+ 8. Nxd1 Nd5 9. c4 Nb4 10. Ne3 f6 11. a3 N4a6 12. b4 O-O 13. Bb2 Be6 14.
O-O-O Nd7 15. g4 fxe5 16. Ng5 exf4 17. Bxg7 fxe3 18. Nxe6 Rf2 19. Rxd7 e2 20. Bxe2 Rxe2 21. Rxe7 Rd8 22. Bf6 Re8 23. Rg7+ Kh8 24. Rxg6# 1-0

[Event "Late-Titled-Tuesday-Blitz-May-07-2024"]
[Site "Chess.com"]
[Date "2024.05.07"]
[Round "7"]
[White "betta2004"]
[Black "finec2"]
[Result "1-0"]
[WhiteElo "2480"]
[BlackElo "2274"]
[TimeControl "180+1"]
[EndTime "15:15:20 PDT"]
[Termination "betta2004 won by resignation"]

1. Nf3 Nf6 2. e3 g6 3. b3 Bg7 4. Bb2 O-O 5. d4 b6 6. Nbd2 Bb7 7. Bd3 d6 8. O-O Nbd7 9. c4 e6 10. e4 c5 11. d5 exd5 12. exd5 Ng4 13. Bxg7 Kxg7 14.
Be2 h6 15. h3 Nge5 16. Nxe5 Nxe5 17. f4 Nd7 18. Qc2 f5 19. Rae1 Qf6 20. Bd3 Rfe8 21.
Nf3 b5 22. Qd2 Nb6 23. g4 b4 24. g5 hxg5 25. fxg5 Qf7 26. Qf4 Qf8 27. h4 Rxe1 28. Rxe1 Re8 29. Rxe8 Qxe8 30. h5 Bc8 31. hxg6 Qxg6 32. Nh4 Qe8 33. Kf2 Qe5 34. Qxe5+ dxe5 35. Nxf5+ Kf8 36. Ke3 a5 37. Ke4 Nd7 38. Nd6 Ba6 39.
Kf5 a4 40. Ke6 Nb8 41. Kxe5 1-0

[Event "Late-Titled-Tuesday-Blitz-May-07-2024"]
[Site "Chess.com"]
[Date "2024.05.07"]
[Round "7"]
[White "Karacsonyi_Gellert"]
[Black "MyDream003"]
[Result "1-0"]
[WhiteElo "2720"]
[BlackElo "2821"]
[TimeControl "180+1"]
[EndTime "15:15:23 PDT"]
[Termination "Karacsonyi_Gellert won on time"]

1. e4 c5 2. Nf3 d6 3. d4 cxd4 4. Nxd4 Nf6 5. Nc3 a6 6. Bc4 e6 7. O-O Be7 8. Bb3 b5 9. Qf3 Qc7 10. Qg3 O-O 11. Bh6 Ne8 12. Rad1 b4 13. Nce2 a5 14.
c3 Bd7 15. Nf4 Qc8 16. Bxg7 Bh4 17. Qxh4 Nxg7 18. Nh5 Nxh5 19. Qxh5 Kh8 20. Nf3 f6 21. Rxd6 Ra7 22. e5 Bc6 23. exf6 Rxf6 24. Qe5 Qf8 25. Rxe6 Nd7 26. Qd4 Rc7 27. Rfe1 Kg7 28. Re7+ Kh6 29. Qh4+ 1-0

[Event "Late-Titled-Tuesday-Blitz-May-07-2024"]
[Site "Chess.com"]
[Date "2024.05.07"]
[Round "7"]
[White "klimkoj"]
[Black "ChessWarrior7197"]
[Result "0-1"]
[WhiteElo "2953"]
[BlackElo "3143"]
[TimeControl "180+1"]
[EndTime "15:15:24 PDT"]
[Termination "ChessWarrior7197 won by resignation"]

1. e4 d6 2. d4 Nf6 3. Nc3 e5 4. Nf3 Nbd7 5. Bc4 Be7 6. O-O O-O 7. Re1 c6 8. a4 h6 9. h3 Re8 10. Ba2 a5 11. Be3 exd4 12. Nxd4 Bf8 13. Nf5 Ne5 14.
Ng3 Be6 15. Bxe6 Rxe6 16. Qe2 Qc7 17. Rad1 Rae8 18. Nf5 Ned7 19. Ng3 d5 20. exd5 Rxe3 21. fxe3 Qxg3 22. dxc6 bxc6 23. Qf3 Qc7 24. Qf5 Bc5 25. Kh1 g6 26. Qf4 Qb6 27. Rf1 Re7 28. e4 Nh5 29. Qh4 Qc7 30. Ne2 Qe5 31. c3 Bd6 32. Kg1 Ndf6 33. g3 g5 0-1

[Event "Late-Titled-Tuesday-Blitz-May-07-2024"]
[Site "Chess.com"]
[Date "2024.05.07"]
[Round "7"]
[White "As0nchess"]
[Black "grzechu96"]
[Result "0-1"]
[WhiteElo "2552"]
[BlackElo "2790"]
[TimeControl "180+1"]
[EndTime "15:15:26 PDT"]
[Termination "grzechu96 won by resignation"]

1. e4 c5 2. Nf3 d6 3. d4 cxd4 4.
Nxd4 Nf6 5. Nc3 a6 6. Be3 e6 7. f3 h5 8. Qd2 Be7 9. O-O-O b5 10. a3 Bb7 11. Kb1 Nbd7 12. Be2 Rc8 13. Rhg1 Ne5 14. h3 h4 15. g4 hxg3 16. Rxg3 g6 17. f4 Rxc3 18. Qxc3 Nxe4 19. Qe1 Nxg3 20. Qxg3 Nc4 21.
Nxe6 fxe6 22. Qxg6+ Kd7 23. Bg4 Qg8 24. Qd3 Qh7 25. f5 Kc7 26. Bg1 exf5 27. Bxf5 Qg7 28. c3 Rf8 29. Bg4 Qe5 30. Ka1 Qe4 31. Qg3 Qc2 32.
Rb1 Be4 0-1

[Event "Late-Titled-Tuesday-Blitz-May-07-2024"]
[Site "Chess.com"]
[Date "2024.05.07"]
[Round "7"]
[White "ATM622"]
[Black "Magicmaster17"]
[Result "0-1"]
[WhiteElo "2531"]
[BlackElo "2884"]
[TimeControl "180+1"]
[EndTime "15:15:27 PDT"]
[Termination "Magicmaster17 won by resignation"]

1. d4 Nf6 2. c4 c5 3. d5 g6 4. g3 Bg7 5. Bg2 b5 6. cxb5 d6 7. Nc3 a6 8. bxa6 O-O 9. Nf3 Nxa6 10. O-O Bf5 11. Ne1 Qa5 12. e4 Bg4 13. f3 Bd7 14. a3 Rfb8 15. Rb1 Ng4 16. Ne2 Ne5 17.
Bd2 Qa4 18. Bc3 Qxd1 19. Rxd1 Nc4 20. Nd3 Ne3 21. Bxg7 Kxg7 22. e5 c4 23. Ndc1 Nxd1 24. Rxd1 Rxb2 25. Nd4 Nc5 26. f4 Rxa3 27. Nc6 Ra1 28.
Nxe7 Nd3 29. e6 Ba4 30. f5 Bxd1 31. f6+ Kxf6 32. Ng8+ Kg7 33. e7 Rxc1 34. e8=Q Be2+ 35. Bf1 Rxf1+ 36. Kg2 Bf3+ 37. Kh3 Rxh2+ 0-1

[Event "Late-Titled-Tuesday-Blitz-May-07-2024"]
[Site "Chess.com"]
[Date "2024.05.07"]
[Round "7"]
[White "Mops_2004"]
[Black "Msb2"]
[Result "0-1"]
[WhiteElo "2805"]
[BlackElo "3036"]
[TimeControl "180+1"]
[EndTime "15:15:28 PDT"]
[Termination "Msb2 won by resignation"]

1. e4 e6 2. d4 d5 3. e5 c5 4.
c3 Nc6 5. Nf3 Nge7 6. Bd3 cxd4 7.
cxd4 Nf5 8. Bxf5 exf5 9. Nc3 Be7 10. h4 O-O 11. Bg5 f6 12. exf6 Bxf6 13. Qb3 Re8+ 14. Kf1 Be6 15. Qxb7 Na5 16. Qa6 Bc8 17. Qb5 Bxg5 18.
hxg5 Be6 19. b3 Rc8 20. Ne2 Nc6 21. g3 Bf7 22. Kg2 a6 23. Qxa6 Nb4 24. Qb5 Rb8 25. Qc5 Rxe2 26. Rhf1 Qe8 27. Ne5 Nd3 28. Nxd3 Qe4+ 29.
Kg1 Qxd3 30. Rad1 Qf3 31. a4 Rxf2 0-1

[Event "Late-Titled-Tuesday-Blitz-May-07-2024"]
[Site "Chess.com"]
[Date "2024.05.07"]
[Round "7"]
[White "nabukatnezarr"]
[Black "albayo"]
[Result "1-0"]
[WhiteElo "2597"]
[BlackElo "2441"]
[TimeControl "180+1"]
[EndTime "15:15:37 PDT"]
[Termination "nabukatnezarr won by resignation"]

1. b3 e5 2. Bb2 d6 3. e3 Nc6 4. Bb5 Bd7 5. Ne2 a6 6. Bxc6 Bxc6 7. O-O Qg5 8. Ng3 h5 9. f4 Qg6 10. Rf2 h4 11. Nf1 Nf6 12. h3 Ne4 13. Re2 O-O-O 14. d3 Ng3 15. Nxg3 Qxg3 16. f5 Bf3 17. Qe1 Bxe2 18.
Qxe2 g6 19. fxg6 fxg6 20. Nd2 Bh6 21. Re1 Rhf8 22. Ne4 Bxe3+ 23. Qxe3 Qxe3+ 24. Rxe3 Rf5 25. c4 Rdf8 26. Re1 Kd7 27. Ba3 c5 28. Bc1 b5 29.
Be3 bxc4 30. dxc4 Kc6 31. Rd1 Rd8 32. Nxc5 a5 33. Ne4 d5 34. Bg5 Rd7 35. Nf6 Rd6 36. cxd5+ Kc5 37. Ne4+ 1-0

[Event "Late-Titled-Tuesday-Blitz-May-07-2024"]
[Site "Chess.com"]
[Date "2024.05.07"]
[Round "7"]
[White "duone"]
[Black "th3d4rkness"]
[Result "1-0"]
[WhiteElo "2417"]
[BlackElo "2207"]
[TimeControl "180+1"]
[EndTime "15:15:37 PDT"]
[Termination "duone won by checkmate"]

1. e4 c5 2. Nf3 Nc6 3. d4 cxd4 4. Nxd4 Nf6 5. Nc3 e5 6. Ndb5 d6 7. Bg5 a6 8. Na3 b5 9. Nd5 Qa5+ 10. b4 Qxa3 11.
Nc7+ Kd7 12. Nxa8 Qxb4+ 13. Bd2 Qxe4+ 14. Be2 Qxg2 15. Bf3 Qh3 16. a4 Bb7 17. axb5 axb5 18. Nb6+ Kc7 19. Be3 e4 20. Be2 Ne5 21. Ra7 Be7 22.
Qd4 Nc6 23. Qc3 b4 24. Qc4 d5 25. Nxd5+ Nxd5 26. Qxd5 Nxa7 27. Qa5+ Kc8 28. Qxa7 Qg2 29. Rf1 Rd8 30. Bb6 Rd5 31. Ba6 Rd7 32. Qa8# 1-0

[Event "Late-Titled-Tuesday-Blitz-May-07-2024"]
[Site "Chess.com"]
[Date "2024.05.07"]
[Round "7"]
[White "BardArtem"]
[Black "OparinGrigoriy"]
[Result "0-1"]
[WhiteElo "2782"]
[BlackElo "2992"]
[TimeControl "180+1"]
[EndTime "15:15:39 PDT"]
[Termination "OparinGrigoriy won by resignation"]

1. e4 c5 2. Nf3 Nc6 3. c3 Nf6 4.
e5 Nd5 5. Bc4 Nb6 6. Bb3 d5 7. exd6 Qxd6 8. O-O Be6 9. Bxe6 Qxe6 10.
a4 a6 11. d4 cxd4 12. Nxd4 Nxd4 13. Qxd4 Rd8 14. Qb4 Qc6 15. Re1 e6 16. Qg4 h5 17.
Qe2 Nxa4 18. Nd2 Nc5 19. Nf3 Be7 20. Ne5 Qb5 21. c4 Qb4 22. Be3 Bf6 23. Nxf7 Kxf7 24. Bxc5 Qxc5 25. Qxe6+ Kg6 26. Re3 Rhe8 27. Rg3+ Kh7 28.
Qf7 Re2 29. Rf3 Re7 30. b4 Qxf2+ 31. Kxf2 Rxf7 32. Ra5 h4 33. Ke3 Re7+ 34. Kf2 Rd2+ 35. Kf1 Rd1+ 36. Kf2 Bd4+ 0-1

[Event "Late-Titled-Tuesday-Blitz-May-07-2024"]
[Site "Chess.com"]
[Date "2024.05.07"]
[Round "7"]
[White "LeninGuerra"]
[Black "GMMikhailKazakov"]
[Result "0-1"]
[WhiteElo "2643"]
[BlackElo "2525"]
[TimeControl "180+1"]
[EndTime "15:15:40 PDT"]
[Termination "GMMikhailKazakov won by resignation"]

1. e4 e5 2. Nf3 Nc6 3. Bb5 a6 4. Ba4 Nf6 5. Qe2 b5 6. Bb3 Bc5 7. O-O d6 8. c3 O-O 9. Rd1 Bb6 10.
d3 h6 11. Nbd2 Bd7 12. Nf1 Nh7 13. h3 Qf6 14. g4 Ne7 15. Ng3 Ng6 16. Nh5 Qe7 17.
Kh2 Kh8 18. Rg1 f6 19. Be3 Ng5 20. Bxb6 cxb6 21. Qe3 Rab8 22. Rg3 Bc6 23. Rh1 Qd7 24. Kg2 d5 25. h4 Ne6 26. g5 Nef4+ 27. Kf1 Nxh5 28. Rgg1 Ngf4 29. Bd1 dxe4 30. dxe4 Qxd1+ 31. Ne1 0-1

[Event "Late-Titled-Tuesday-Blitz-May-07-2024"]
[Site "Chess.com"]
[Date "2024.05.07"]
[Round "7"]
[White "ArtemDyachuk"]
[Black "ChessLover0108"]
[Result "0-1"]
[WhiteElo "2702"]
[BlackElo "2955"]
[TimeControl "180+1"]
[EndTime "15:15:43 PDT"]
[Termination "ChessLover0108 won on time"]

1. e4 c5 2. Nf3 d6 3. d4 cxd4 4.
Nxd4 Nf6 5. Nc3 a6 6. Be3 e6 7. f3 b5 8. Qd2 Bb7 9. O-O-O Nbd7 10. Nb3 Be7 11. g4 Ne5 12. Qf2 Nfxg4 13. fxg4 Nxg4 14. Qg3 Nxe3 15. Re1 Nxf1 16. Rhxf1 O-O 17. Rg1 g6 18. Ref1 Rc8 19. a3 Bf6 20. Kb1 Bxc3 21. bxc3 Bxe4 22. Rf4 f5 23. Rh4 Qf6 24. Kb2 Rxc3 25. Qxc3 Qxh4 26. Rg3 Qxh2 27. Rh3 Qe5 28. Nd4 f4 29. Kc1 g5 30.
Rh6 Bg6 31. Qd2 f3 0-1

[Event "Late-Titled-Tuesday-Blitz-May-07-2024"]
[Site "Chess.com"]
[Date "2024.05.07"]
[Round "7"]
[White "Adar_07"]
[Black "Temirlan_Baltabaev"]
[Result "1-0"]
[WhiteElo "2730"]
[BlackElo "2568"]
[TimeControl "180+1"]
[EndTime "15:15:44 PDT"]
[Termination "Adar_07 won by resignation"]

1. d4 d5 2. Bf4 c6 3. e3 Nf6 4. Bd3 g6 5. h4 Bg7 6. c3 h5 7.
Nd2 O-O 8. Ngf3 Bg4 9. Qc2 Nbd7 10. Ng5 e6 11. f3 Bf5 12. e4 dxe4 13. Ndxe4 Nxe4 14. fxe4 Bg4 15. e5 c5 16. Be3 cxd4 17. cxd4 Rc8 18. Qb3 Nb6 19. O-O Nd5 20. Bd2 Qb6 21.
Qxb6 axb6 22. Ne4 Rc7 23. Nd6 Ra8 24. a3 Bf8 25. Nb5 Rd7 26. Rac1 Rad8 27. Bg5 Ra8 28. Rc2 Bf5 29. Bxf5 exf5 30. Rfc1 Kh7 31. Rc8 Rxc8 32. Rxc8 Bg7 33. Nc3 f6 34. e6 Rc7 35. Rxc7 Nxc7 36. Be3 Nxe6 37. d5 Nc5 38. b4 Nd7 39. Na4 b5 40.
Nc5 Nxc5 41. Bxc5 Kg8 42. d6 Kf7 43. d7 1-0

[Event "Late-Titled-Tuesday-Blitz-May-07-2024"]
[Site "Chess.com"]
[Date "2024.05.07"]
[Round "7"]
[White "oskariot"]
[Black "TheDevilAdvisoR"]
[Result "1-0"]
[WhiteElo "2763"]
[BlackElo "2517"]
[TimeControl "180+1"]
[EndTime "15:15:49 PDT"]
[Termination "oskariot won by resignation"]

1. e4 Nf6 2. e5 Nd5 3. d4 d6 4. Nf3 dxe5 5. Nxe5 c6 6. Be2 Bf5 7. O-O e6 8. Re1 Nd7 9. Nf3 Be7 10. a3 O-O 11. c4 N5f6 12. Nc3 Ne4 13. Nxe4 Bxe4 14. Bf1 Bg6 15. g3 Re8 16. Bg2 Bf6 17. Be3 h6 18. Qb3 Qb6 19. Qc3 a5 20. Ne5 Rad8 21. Nxg6 fxg6 22. Rad1 Qc7 23. Qc2 Kf7 24. h4 Rc8 25. b4 axb4 26. axb4 b5 27. c5 Ra8 28. Bf4 Qb7 29.
Bd6 Ra4 30. Be4 Nf8 31. Qb3 Qd7 32. Qf3 Rea8 33. Bxc6 Qd8 34. Bxa8 Rxa8 35. d5 Qd7 36. dxe6+ Nxe6 37. Qxa8 1-0

[Event "Late-Titled-Tuesday-Blitz-May-07-2024"]
[Site "Chess.com"]
[Date "2024.05.07"]
[Round "7"]
[White "sofaceindisguise"]
[Black "Smiechu"]
[Result "1-0"]
[WhiteElo "2733"]
[BlackElo "2457"]
[TimeControl "180+1"]
[EndTime "15:15:54 PDT"]
[Termination "sofaceindisguise won by checkmate"]

1. d4 Nf6 2. c4 c5 3. d5 e6 4.
Nc3 exd5 5. cxd5 d6 6. e4 g6 7. Bb5+ Nfd7 8. a4 Bg7 9. f4 O-O 10.
Nf3 a6 11. Bd3 Nf6 12. h3 c4 13. Bc2 Nbd7 14. O-O Nc5 15. Re1 Re8 16. a5 Nfd7 17. Be3 Qc7 18. Bd4 b6 19. Bxg7 Kxg7 20. Qd4+ Kg8 21.
axb6 Qxb6 22. Ra2 Bb7 23. Kh2 a5 24. e5 Nb3 25. Qxc4 Nbc5 26. e6 fxe6 27. dxe6 Nf6 28. Ng5 Qc6 29. Re2 Re7 30. Qd4 Rf8 31. Rxa5 h6 32.
Nf3 Qb6 33. Rb5 Qa6 34. Bxg6 Bxf3 35. gxf3 Rg7 36. Bf7+ Kh8 37. Qxf6 Qa1 38. Qxh6+ Rh7 39.
Qxf8# 1-0

[Event "Late-Titled-Tuesday-Blitz-May-07-2024"]
[Site "Chess.com"]
[Date "2024.05.07"]
[Round "7"]
[White "ansko1999"]
[Black "Redzishchess"]
[Result "1-0"]
[WhiteElo "2657"]
[BlackElo "2506"]
[TimeControl "180+1"]
[EndTime "15:15:55 PDT"]
[Termination "ansko1999 won by resignation"]

1. Nc3 d5 2. e4 dxe4 3. Nxe4 Nf6 4. Nxf6+ exf6 5. d4 Bd6 6. Bd3 O-O 7. Ne2 Re8 8.
O-O Nd7 9. Ng3 Nf8 10. f4 c5 11.
d5 Ng6 12. c4 Qc7 13. Qf3 b5 14. b3 bxc4 15. bxc4 Rb8 16. Nh5 f5 17. Bd2 Ne7 18. Bc3 f6 19. Bxf6 gxf6 20. Nxf6+ Kh8 21. Nxe8 Qd8 22.
Nxd6 Qxd6 23. Rae1 Bd7 24. Qe3 Ng6 25. h4 Rb2 26. Re2 Rxe2 27. Bxe2 Kg7 28. h5 Nh4 29. Qg3+ 1-0

[Event "Late-Titled-Tuesday-Blitz-May-07-2024"]
[Site "Chess.com"]
[Date "2024.05.07"]
[Round "7"]
[White "nochewycandy"]
[Black "Naoki"]
[Result "0-1"]
[WhiteElo "2770"]
[BlackElo "2595"]
[TimeControl "180+1"]
[EndTime "15:15:59 PDT"]
[Termination "Naoki won by checkmate"]

1. d4 Nf6 2. Nf3 g6 3. Bg5 Bg7 4. Nbd2 O-O 5. e4 d6 6. Bd3 Nc6 7.
c3 e5 8. h3 Re8 9. O-O h6 10.
Bxf6 Bxf6 11. dxe5 dxe5 12. Qe2 Qe7 13. Rfb1 Nd8 14.
Rd1 Ne6 15. Bc4 Nf4 16. Qe1 Kh7 17. Kh2 g5 18. Nf1 g4 19. hxg4 Bxg4 20. Ne3 Bxf3 21. gxf3 Rg8 22. Qh1 Rg5 23. Ng4 Rh5+ 24. Kg3 Rxh1 25.
Rxh1 Bg5 26. Rad1 Ng6 27. Rh5 Kg7 28. Rdh1 Rh8 29. Rd1 c6 30. a4 Qc5 31. Ba2 Rd8 32. Rdh1 Rd2 33. b4 Qxc3 34. Nxh6 Bxh6 35. Rxh6 Rxa2 36. Rh7+ Kf6 37. R1h5 Qd2 38. Rf5+ Ke6 39. Rhxf7 Qxf2+ 40. Kg4 Qg2+ 41. Kh5 Nf4+ 42. Kh6 Qg6# 0-1

[Event "Late-Titled-Tuesday-Blitz-May-07-2024"]
[Site "Chess.com"]
[Date "2024.05.07"]
[Round "7"]
[White "rionelG"]
[Black "VictorFcQNK"]
[Result "1-0"]
[WhiteElo "2289"]
[BlackElo "2096"]
[TimeControl "180+1"]
[EndTime "15:15:59 PDT"]
[Termination "rionelG won on time"]

1. e4 e6 2. d4 d5 3. e5 c5 4. c3 Nc6 5. Nf3 Qb6 6. Bd3 Bd7 7. dxc5 Bxc5 8. O-O Nh6 9. b4 Be7 10. a4 a6 11. Qe2 Rc8 12. Nbd2 Nd8 13. Bb2 O-O 14.
Nb3 f6 15. exf6 Bxf6 16. Nbd4 e5 17. Nxe5 Be8 18. Rad1 Ne6 19. Nxe6 Qxe6 20. Qc2 Qxe5 21. Bxh7+ Kh8 22. Rfe1 Qg5 23. Re3 Bc6 24. Rg3 Qe5 25.
Ba1 Rce8 26. h3 Bh4 27. c4 1-0

[Event "Late-Titled-Tuesday-Blitz-May-07-2024"]
[Site "Chess.com"]
[Date "2024.05.07"]
[Round "7"]
[White "Supelyel"]
[Black "Ajedrez_con_German"]
[Result "1-0"]
[WhiteElo "2423"]
[BlackElo "2575"]
[TimeControl "180+1"]
[EndTime "15:16:00 PDT"]
[Termination "Supelyel won by resignation"]

1. c4 e6 2. Nc3 d5 3. cxd5 exd5 4.
d4 c6 5. Nf3 Bf5 6. Bf4 Bd6 7.
Bxd6 Qxd6 8. e3 Nf6 9. Bd3 Bxd3 10. Qxd3 O-O 11. O-O Na6 12. a3 Nc7 13. b4 a6 14.
Na4 Qe7 15. Nd2 Nb5 16. Nc5 Rfe8 17. a4 Nd6 18. a5 Nfe4 19. Rae1 Nxd2 20. Qxd2 Ne4 21.
Qc2 f6 22. f3 Nd6 23. e4 dxe4 24. fxe4 Kh8 25. Rf3 Nb5 26. Rd1 Rad8 27. Rfd3 h6 28.
d5 cxd5 29. exd5 Rd6 30. h3 Qe5 31. Nxb7 Rd7 32. Nc5 Ra7 33. d6 Rd8 34. d7 Qe7 35. Qf2 Qf7 36. Qf5 Raa8 37. Nb7 Qc4 38. Nxd8 Rxd8 39.
Qc5 1-0

[Event "Late-Titled-Tuesday-Blitz-May-07-2024"]
[Site "Chess.com"]
[Date "2024.05.07"]
[Round "7"]
[White "howitzer14"]
[Black "Bala-Afiada"]
[Result "1-0"]
[WhiteElo "3015"]
[BlackElo "2007"]
[TimeControl "180+1"]
[EndTime "15:16:00 PDT"]
[Termination "howitzer14 won by resignation"]

1. d4 d5 2. Bg5 c5 3. e3 Nc6 4. c3 h6 5. Bh4 Qb6 6. Qb3 c4 7. Qc2 Bf5 8. Qc1 g5 9. Bg3 Bg7 10.
Nd2 Nf6 11. b3 cxb3 12. axb3 O-O 13. Ngf3 Qd8 14. Be2 Rc8 15. Qb2 Nh5 16. O-O Nxg3 17. hxg3 e5 18. Rfc1 a6 19. b4 e4 20. Ne1 Qd7 21.
Nb3 Bg4 22. Nc5 Qf5 23. Nxb7 Bxe2 24. Qxe2 Rc7 25. Nc5 Nb8 26. Nxa6 Nxa6 27. Qxa6 Rfc8 28.
b5 Rxc3 29. Rxc3 Rxc3 30. b6 Rc8 31. b7 Rb8 32. Qa7 1-0

[Event "Late-Titled-Tuesday-Blitz-May-07-2024"]
[Site "Chess.com"]
[Date "2024.05.07"]
[Round "7"]
[White "sammartin99"]
[Black "stasOR4ik"]
[Result "1-0"]
[WhiteElo "2476"]
[BlackElo "2454"]
[TimeControl "180+1"]
[EndTime "15:16:06 PDT"]
[Termination "sammartin99 won by checkmate"]

1. d4 e6 2. c4 d5 3. Nf3 Nf6 4. Nc3 c6 5. e3 Nbd7 6. Qc2 Be7 7.
b3 a5 8. Bd3 O-O 9. O-O Re8 10.
e4 dxe4 11. Nxe4 Nxe4 12. Bxe4 Nf6 13. Bd3 c5 14. Bb2 h6 15. Rad1 cxd4 16. Nxd4 Bd7 17. Rfe1 a4 18. Qe2 axb3 19. axb3 Qb6 20. Nb5 Bxb5 21.
cxb5 Ra2 22. Bb1 Ra5 23. Qc2 Rxb5 24. Bxf6 Bxf6 25. Qh7+ Kf8 26. Rd7 Qxf2+ 27. Kxf2 Bh4+ 28. g3 Rxb3 29. Qh8# 1-0

[Event "Late-Titled-Tuesday-Blitz-May-07-2024"]
[Site "Chess.com"]
[Date "2024.05.07"]
[Round "7"]
[White "ChessSwole"]
[Black "wild3000"]
[Result "1-0"]
[WhiteElo "2626"]
[BlackElo "2485"]
[TimeControl "180+1"]
[EndTime "15:16:07 PDT"]
[Termination "ChessSwole won by resignation"]

1. c4 Nf6 2. g3 g6 3. Bg2 Bg7 4. d4 O-O 5. Nf3 c6 6. O-O d5 7. cxd5 Nxd5 8. Nc3 Bg4 9. e4 Nb6 10. Ne2 Bxf3 11. Bxf3 N8d7 12. b3 e5 13. Bb2 exd4 14.
Bxd4 Ne5 15. Bg2 Qe7 16. Qc2 Rad8 17. Bc5 Qc7 18. Bxf8 Rxf8 19. Rad1 Re8 20. h3 Ned7 21. Nf4 Qe5 22. Nd3 Qa5 23. Qd2 Qa3 24. Rfe1 Nf6 25. Qc2 h5 26. h4 Ng4 27. Bf3 Ne5 28. Nxe5 Bxe5 29. Bg2 Bf6 30. f4 Be7 31. e5 Bc5+ 32.
Kh2 Kg7 33. f5 Qb4 34. f6+ Kh7 35. Re4 Qb5 36. e6 fxe6 37. f7 Rf8 38. Rxe6 1-0

[Event "Late-Titled-Tuesday-Blitz-May-07-2024"]
[Site "Chess.com"]
[Date "2024.05.07"]
[Round "7"]
[White "ozates"]
[Black "zverr1"]
[Result "1-0"]
[WhiteElo "2644"]
[BlackElo "2505"]
[TimeControl "180+1"]
[EndTime "15:16:08 PDT"]
[Termination "ozates won on time"]

1. c4 c5 2. Nc3 Nc6 3. g3 g6 4. Bg2 Bg7 5. d3 e5 6. Nf3 Nge7 7. O-O d6 8. Rb1 O-O 9. a3 a5 10. Bg5 h6 11. Bxe7 Qxe7 12. Nd5 Qd8 13. b4 axb4 14. axb4 Rb8 15. bxc5 dxc5 16. Nd2 Be6 17. Ne4 b6 18.
Qa4 Nd4 19. Rfe1 b5 20. Qa7 bxc4 21. Rxb8 Qxb8 22. Qxb8 Rxb8 23. dxc4 Bf8 24. e3 Nc6 25. h4 Na5 26. Rc1 Rb2 27. Nec3 Kg7 28. Bf1 Rd2 29. Ra1 Nb3 30. Ra7 Nc1 31. Nc7 Bc8 32. Ne8+ Kg8 33. Nf6+ Kg7 34. Ne8+ Kg8 35. Ne4 Rd1 36.
N4f6+ Kh8 37. Rxf7 1-0

[Event "Late-Titled-Tuesday-Blitz-May-07-2024"]
[Site "Chess.com"]
[Date "2024.05.07"]
[Round "7"]
[White "Airquake"]
[Black "dlp300"]
[Result "1-0"]
[WhiteElo "2848"]
[BlackElo "2654"]
[TimeControl "180+1"]
[EndTime "15:16:10 PDT"]
[Termination "Airquake won by resignation"]

1. e4 c5 2. Nf3 d6 3. d4 cxd4 4. Nxd4 Nf6 5. Nc3 a6 6. Be2 e6 7. O-O Qc7 8. f4 b5 9. Bf3 Bb7 10. e5 Nfd7 11. exd6 Bxd6 12. Be3 Bc5 13. Ne4 Be7 14.
Ng5 O-O 15. Ngxe6 fxe6 16. Nxe6 Qc8 17. Nxf8 Bxf8 18. Qd3 Nf6 19. Rad1 Nc6 20. c4 Nb4 21. Bxb7 Qxb7 22. Qb3 Kh8 23. cxb5 axb5 24. a3 Nbd5 25. Bd4 h6 26. Qf3 Qa6 27. g4 Re8 28. g5 Ne4 29. Be5 Bc5+ 30. Kh1 Qg6 31. Rxd5 hxg5 32. f5 1-0

[Event "Late-Titled-Tuesday-Blitz-May-07-2024"]
[Site "Chess.com"]
[Date "2024.05.07"]
[Round "7"]
[White "NajdorfPlayerc5"]
[Black "Pig-filth"]
[Result "0-1"]
[WhiteElo "2418"]
[BlackElo "2326"]
[TimeControl "180+1"]
[EndTime "15:16:11 PDT"]
[Termination "Pig-filth won on time"]

1. e4 Nf6 2. e5 Nd5 3. d4 d6 4.
Nf3 g6 5. Bc4 Nb6 6. Bb3 Bg7 7. Qe2 d5 8. c3 O-O 9. h4 h5 10. Bc2 Bg4 11. Bg5 f6 12. exf6 exf6 13. Be3 f5 14. Bg5 Qe8 15. Qxe8 Rxe8+ 16. Kd1 N8d7 17.
Nd2 c5 18. dxc5 Nxc5 19. Be3 Rac8 20. Bxc5 Rxc5 21. Bd3 Nc4 22. Bxc4 dxc4 23. Re1 Rxe1+ 24. Kxe1 Bxf3 25. Nxf3 Rb5 26. Rb1 Bxc3+ 27. Kd1 Rxb2 28. Rxb2 Bxb2 29. Kc2 Bf6 30. Nd2 b5 31. a4 c3 32. Nb1 b4 33. Kb3 Bxh4 34. Nxc3 bxc3 35. Kxc3 Bxf2 0-1